 Dungeon Sprint DCSS version 0.17-a0-1646-geb1493d (webtiles) character file.

44206 Kidiri the Imperceptible (level 13, -11/55 HPs)
             Began as a Spriggan Enchanter on Aug 10, 2015.
             Was the Champion of Dithmenos.
             Killed from afar by a deep elf knight (29 damage)
             ... with an orb of energy
             ... in the Dungeon (Sprint III: "The Ten Rune Challenge").
             The game lasted 00:32:59 (5453 turns).

Kidiri the Imperceptible (Spriggan Enchanter)       Turns: 5453, Time: 00:33:00

Health: -11/55     AC:  4    Str:  4    XL:     13   Next: 24%
Magic:  22/35      EV: 38    Int: 22    God:    Dithmenos [******]
Gold:   4359       SH:  0    Dex: 19    Spells: 9 memorised, 3 levels left

rFire  . . .     SeeInvis +     n - +2 short sword (elec)
rCold  . . .     Rnd*Rage +     j - +0 robe of Polytheism {*Corrode rPois rCorr Int+3}
rNeg   . . .     SustAt   .     (shield restricted)
rPois  +         Gourm    .     v - +2 hat
rElec  .         Spirit   .     (no cloak)
rCorr  +         Warding  .     (gloves unavailable)
rMut   .         NoTele   +     (boots unavailable)
MR     ++...                    (no amulet)
Stlth  ++++++++++               (no ring)
                                (no ring)

@: wreathed by umbra, very quick, very resistant to hostile enchantments,
uncannily stealthy
A: unfitting armour, hooves 2, horns 1, repulsion field 1, see invisible,
berserk 1, herbivore 3, speed 3, screaming 1, slow healing 1, slow metabolism 2
a: Shadow Step, Shadow Form, Renounce Religion
}: 1/10 runes: barnacled


You were in the Dungeon.
You worshipped Dithmenos.
Dithmenos was exalted by your worship.
You were full.

You visited 1 branch You collected 4577 gold pieces.
You spent 218 gold pieces at shops.

Inventory:

Hand weapons
 l - a +1 dagger of venom
 n - a +2 short sword of electrocution (weapon)
Armour
 j - the +0 robe of Polytheism (worn) {*Corrode rPois rCorr Int+3}
   (You bought it in a shop in the Dungeon)

   It affects your intelligence (+3).
   It protects you from poison.
   It protects you from acid and corrosion.
   It may corrode your equipment when you take damage.
 v - a +2 hat (worn)
Magical devices
 a - a wand of teleportation (5)
 k - a wand of frost (37)
Scrolls
 o - 4 scrolls of remove curse
 r - a scroll of holy word {unknown}
Potions
 f - 3 potions of heal wounds
 g - 2 potions of haste
 h - a potion of magic
 q - 2 potions of flight
 s - 2 potions of might
 t - 2 potions of degeneration {unknown}
 u - 2 potions of ambrosia {unknown}
Books
 c - a book of Maledictions

   Spells                             Type                      Level
   a - Corona                         Hexes                        1
   b - Ensorcelled Hibernation        Hexes/Ice                    2
   c - Confuse                        Hexes                        3
   d - Tukima's Dance                 Hexes                        3
   e - Dazzling Spray                 Conjuration/Hexes            3
 i - a Necronomicon

   Spells                             Type                      Level
   a - Haunt                          Necromancy/Summoning         7
   b - Borgnjor's Revivification      Necromancy                   8
   c - Death's Door                   Charms/Necromancy            8
   d - Necromutation                  Transmutation/Necromancy     8
Comestibles
 d - a bread ration
 p - 22 royal jellies


   Skills:
 + Level 11.4 Short Blades
 * Level 19.8 Dodging
 * Level 21.4 Stealth
 * Level 17.0 Spellcasting
 + Level 7.9 Conjurations
 + Level 12.8 Hexes
 + Level 7.3 Summonings
 + Level 7.8 Necromancy
 + Level 8.9 Ice Magic
 + Level 9.3 Invocations


You had 3 spell levels left.
You knew the following spells:

 Your Spells              Type           Power        Failure   Level  Hunger
a - Corona                Hex            ######.      0%          1    None
b - Ensorcelled Hibernat  Hex/Ice        ######       1%          2    None
c - Confuse               Hex            ######..     1%          3    None
d - Tukima's Dance        Hex            ######..     1%          3    None
e - Dazzling Spray        Conj/Hex       ######..     1%          3    None
f - Haunt                 Necr/Summ      ######....   95%         7    ######.
g - Borgnjor's Revivific  Necr           ######....   100%        8    #######
h - Death's Door          Chrm/Necr      #####.....   100%        8    #######
i - Necromutation         Trmt/Necr      #####.....   100%        8    #######


Dungeon Overview and Level Annotations

Branches:
Dungeon (1/1)

Altars:
Cheibriados
Dithmenos
Elyvilon
Fedhas
Gozag
Kikubaaqudgha
Makhleb
Nemelex Xobeh
Okawaru
Qazlal
Ru
Sif Muna
Trog
Vehumet
Xom
Yredelemnul
Zin
The Shining One
Jiyva
Lugonu

Shops:
D %(=[


Innate Abilities, Weirdness & Mutations

You are tiny and cannot use many weapons and most armour.
You have supernaturally acute eyesight.
You are a herbivore.
You cover ground extremely quickly.
You need consume almost no food.
You have hoof-like feet.
You have a pair of small horns on your head.
You are surrounded by a mild repulsion field (EV +2).
You tend to lose your temper in combat.
You occasionally shout uncontrollably at your foes.
You heal slowly when monsters are visible.


Message History

The spray of energy hits you!
You are confused.
The deep elf knight hits you with a short sword of electrocution.
Drink which item? (? for menu, Esc to quit)
You feel better.
The deep elf knight hits you with a short sword of electrocution!
You are electrocuted!
You emit a cloud of dark smoke.
There is an open door to the Elven Halls here.
Casting: Dazzling Spray
Confirm with . or Enter, or press ? or * to list all spells.
Aiming: Dazzling Spray
Press: ? - help, Shift-Dir - straight line, f/p - deep elf knight
Aim: a deep elf knight, wielding a short sword of electrocution (black smoke, shrouded, umbra)
The spray of energy misses the deep elf knight.
Your shadow mimicks your spell!
The shadow shard hits the deep elf knight.
The deep elf knight points at you and mumbles some strange words.
The orb of energy hits you!
Ouch! That really hurt!
You die...

▓▓▓ ############# #.########
__[#__#.#∩#.###.@§§#...#
...#%_#.).......##e#...##≈
+###+##........#.#§#...≈≈≈
......#........#.#§#...##≈
......#.##.##)##.#ee...#
#####'#)#.######.#######
__#...#)#########################
__#...#.)§)§§§#.(...'.#.#.#.+%..≈
__#...#.#§§§#.#.#.).##.#.#.##...≈


You could see a deep elf knight.

Vanquished Creatures
  Sigmund (D)
  Rupert (D)
  Polyphemus (D)
  Gastronok (D)
  Ilsuiw (D)
  Maud (D)
  A dire elephant (D)
  A merfolk javelineer (D)
  Josephine (D)
  2 hydras (D)
  An ice dragon (D)
  A centaur warrior (D)
  4 death yaks (D)
  A deep elf knight (D)
  An unseen horror (D)
  A sea snake (D)
  A death drake (D)
  A lindwurm (D)
  An orc knight (D)
  2 black mambas (D)
  2 elephants (D)
  Edmund (D)
  2 spiny frogs (D)
  A komodo dragon (D)
  A deep elf priest (D)
  3 wandering mushrooms (D)
  A fire drake (D)
  A queen bee (D)
  2 orc high priests (D)
  8 blink frogs (D)
  3 redbacks (D)
  A shadow (D)
  A spatial vortex (D)
  2 orc warriors (D)
  A swamp drake (D)
  A necrophage (D)
  2 centaurs (D)
  An earth elemental (D)
  2 brain worms (D)
  A water elemental (D)
  32 killer bees (D)
  An electric eel (D)
  A wizard (D)
  A jelly (D)
  9 orc priests (D)
  Jessica (D)
  A necromancer (D)
  3 sheep (D)
  3 humans (D)
  A kobold demonologist (D)
  An ooze (D)
  A phantom (D)
  7 orcs (D)
  2 rats (D)
126 creatures vanquished.

Vanquished Creatures (others)
  2 draconian scorchers (D)
  A hydra (D)
  3 yaktaurs (D)
  13 plants (D)
19 creatures vanquished.

Grand Total: 145 creatures vanquished

Notes
Turn   | Place    | Note
--------------------------------------------------------------
     0 | D        | Kidiri the Spriggan Enchanter began the quest for the Orb.
     0 | D        | Reached XP level 1. HP: 9/9 MP: 5/5
    10 | D        | Killed a yaktaur
    11 | D        | Reached skill level 5 in Stealth
    25 | D        | Noticed Jessica
    28 | D        | Killed Jessica
    28 | D        | Reached skill level 5 in Dodging
    28 | D        | Reached skill level 6 in Stealth
    28 | D        | Reached XP level 2. HP: 13/13 MP: 6/8
    28 | D        | Reached XP level 3. HP: 16/16 MP: 6/9
    35 | D        | Learned a level 2 spell: Ensorcelled Hibernation
    39 | D        | Learned a level 3 spell: Confuse
    43 | D        | Learned a level 3 spell: Tukima's Dance
   228 | D        | Reached skill level 7 in Stealth
   282 | D        | Killed a white draconian scorcher
   329 | D        | Gained mutation: You have large cloven feet. [potion of mutation]
   329 | D        | Gained mutation: You have a pair of small horns on your head. [potion of mutation]
   329 | D        | Gained mutation: You are clumsy. (Dex -2) [potion of mutation]
   330 | D        | Gained mutation: You occasionally shout uncontrollably at your foes. [potion of mutation]
   330 | D        | Gained mutation: You heal slowly when monsters are visible. [potion of mutation]
   330 | D        | Gained mutation: You tend to lose your temper in combat. [potion of mutation]
   331 | D        | Lost mutation: You are clumsy. (Dex -2) [potion of mutation]
   331 | D        | Gained mutation: You have hoof-like feet. [potion of mutation]
   331 | D        | Gained mutation: You are surrounded by a mild repulsion field (EV +2). [potion of mutation]
   333 | D        | Killed a white draconian scorcher
   513 | D        | Noticed a water elemental
   522 | D        | Killed a water elemental
   522 | D        | Reached skill level 8 in Stealth
   522 | D        | Reached skill level 5 in Spellcasting
   522 | D        | Reached skill level 5 in Hexes
   522 | D        | Reached skill level 1 in Ice Magic
   522 | D        | Reached XP level 4. HP: 21/21 MP: 10/12
   692 | D        | Learned a level 3 spell: Dazzling Spray
   709 | D        | Noticed a jelly
   710 | D        | Noticed a shadow
   712 | D        | Killed a shadow
   712 | D        | Reached skill level 10 in Stealth
   712 | D        | Reached skill level 1 in Conjurations
   712 | D        | Reached XP level 5. HP: 24/24 MP: 12/15
   716 | D        | Killed a jelly
   716 | D        | Reached XP level 6. HP: 28/28 MP: 12/17
   721 | D        | Found a stormy altar of Qazlal.
   722 | D        | Found a sacrificial altar of Ru.
   722 | D        | Found a burning altar of Makhleb.
   722 | D        | Found a viscous altar of Jiyva.
   722 | D        | Found a shimmering altar of Xom.
   722 | D        | Found a shadowy altar of Dithmenos.
   722 | D        | Found a sparkling altar of Nemelex Xobeh.
   722 | D        | Found a corrupted altar of Lugonu.
   722 | D        | Found an opulent altar of Gozag.
   722 | D        | Noticed a spatial vortex
   726 | D        | Became a worshipper of Dithmenos the Shadowed
   727 | D        | Killed a spatial vortex
   727 | D        | Reached skill level 5 in Short Blades
   727 | D        | Reached skill level 11 in Stealth
   752 | D        | Found a radiant altar of Vehumet.
   752 | D        | Found a deep blue altar of Sif Muna.
   752 | D        | Found an ancient bone altar of Kikubaaqudgha.
   752 | D        | Noticed a wizard
   755 | D        | Killed a wizard
   755 | D        | Reached skill level 10 in Dodging
   808 | D        | Found a glowing silver altar of Zin.
   809 | D        | Found a glowing golden altar of the Shining One.
   809 | D        | Found a white marble altar of Elyvilon.
   809 | D        | Noticed a deep elf priest
   811 | D        | Killed a deep elf priest
   811 | D        | Reached XP level 7. HP: 32/32 MP: 18/20
   822 | D        | Found an iron altar of Okawaru.
   823 | D        | Found a bloodstained altar of Trog.
   823 | D        | Noticed a human
   823 | D        | Noticed a human
   864 | D        | Killed a human
   864 | D        | Reached skill level 12 in Stealth
   864 | D        | Reached skill level 1 in Invocations
   911 | D        | Killed a human
   911 | D        | Acquired Dithmenos's first power
   988 | D        | Found a basalt altar of Yredelemnul.
   988 | D        | Found a snail-covered altar of Cheibriados.
   988 | D        | Found a blossoming altar of Fedhas.
   988 | D        | Noticed a necrophage
   988 | D        | Noticed a necromancer
   990 | D        | Killed a necrophage
   990 | D        | Reached XP level 8. HP: 36/36 MP: 22/22
   991 | D        | Killed a necromancer
  1017 | D        | Noticed Josephine
  1020 | D        | Killed Josephine
  1020 | D        | Reached skill level 14 in Stealth
  1020 | D        | Reached skill level 10 in Spellcasting
  1027 | D        | Noticed an earth elemental
  1083 | D        | Learned a level 7 spell: Haunt
  1085 | D        | Killed a seven-headed hydra
  1092 | D        | Learned a level 8 spell: Borgnjor's Revivification
  1133 | D        | Killed an earth elemental
  1262 | D        | Noticed a centaur
  1262 | D        | Noticed a centaur warrior
  1262 | D        | Noticed a centaur
  1266 | D        | Killed a centaur
  1269 | D        | Killed a centaur
  1269 | D        | Acquired Dithmenos's second power
  1269 | D        | Reached XP level 9. HP: 30/39 MP: 3/25
  1275 | D        | Killed a centaur warrior
  1275 | D        | Reached skill level 1 in Summonings
  1275 | D        | Reached skill level 1 in Necromancy
  1275 | D        | Reached skill level 5 in Ice Magic
  1496 | D        | Noticed an unseen horror
  1498 | D        | Killed an unseen horror
  1498 | D        | Reached skill level 15 in Stealth
  1508 | D        | Noticed a killer bee
  1508 | D        | Noticed a killer bee
  1508 | D        | Noticed a killer bee
  1508 | D        | Noticed a killer bee
  1508 | D        | Noticed a killer bee
  1508 | D        | Noticed a killer bee
  1508 | D        | Noticed a killer bee
  1508 | D        | Noticed a killer bee
  1508 | D        | Noticed a killer bee
  1508 | D        | Noticed a killer bee
  1508 | D        | Noticed a killer bee
  1508 | D        | Noticed a killer bee
  1508 | D        | Noticed a killer bee
  1508 | D        | Noticed a killer bee
  1508 | D        | Noticed a killer bee
  1509 | D        | Noticed a killer bee
  1509 | D        | Noticed a queen bee
  1509 | D        | Noticed a killer bee
  1509 | D        | Noticed a killer bee
  1509 | D        | Noticed a killer bee
  1510 | D        | Noticed a killer bee
  1512 | D        | Killed a killer bee
  1513 | D        | Noticed a killer bee
  1514 | D        | Noticed a killer bee
  1515 | D        | Noticed a killer bee
  1515 | D        | Noticed a killer bee
  1515 | D        | Killed a killer bee
  1516 | D        | Noticed a killer bee
  1517 | D        | Noticed a killer bee
  1517 | D        | Noticed a killer bee
  1518 | D        | Killed a killer bee
  1520 | D        | Noticed a killer bee
  1520 | D        | Killed a killer bee
  1520 | D        | Acquired Dithmenos's third power
  1522 | D        | Killed a killer bee
  1524 | D        | Killed a killer bee
  1527 | D        | Noticed a killer bee
  1527 | D        | Noticed a killer bee
  1527 | D        | Killed a killer bee
  1654 | D        | Noticed a killer bee
  1657 | D        | Killed a killer bee
  1659 | D        | Noticed a killer bee
  1659 | D        | Killed a killer bee
  1661 | D        | Killed a killer bee
  1661 | D        | Acquired Dithmenos's fourth power
  1663 | D        | Killed a killer bee
  1665 | D        | Killed a killer bee
  1667 | D        | Killed a killer bee
  1669 | D        | Killed a killer bee
  1671 | D        | Killed a killer bee
  1671 | D        | Reached XP level 10. HP: 44/44 MP: 12/27
  1673 | D        | Killed a killer bee
  1677 | D        | Killed a killer bee
  1679 | D        | Killed a killer bee
  1681 | D        | Killed a killer bee
  1761 | D        | Killed a yaktaur
  1819 | D        | Killed a killer bee
  1820 | D        | Killed a killer bee
  1822 | D        | Killed a killer bee
  1826 | D        | Killed a killer bee
  1826 | D        | Reached skill level 5 in Invocations
  1829 | D        | Killed a killer bee
  1832 | D        | Killed a killer bee
  1834 | D        | Killed a killer bee
  1834 | D        | Reached skill level 5 in Conjurations
  1836 | D        | Killed a killer bee
  1838 | D        | Killed a killer bee
  2066 | D        | Killed a killer bee
  2069 | D        | Killed a killer bee
  2072 | D        | Killed a killer bee
  2074 | D        | Killed a killer bee
  2074 | D        | Reached skill level 16 in Stealth
  2080 | D        | Killed a queen bee
  2163 | D        | Noticed Sigmund
  2163 | D        | Noticed Edmund
  2169 | D        | Killed Sigmund
  2169 | D        | Reached skill level 15 in Dodging
  2169 | D        | Reached skill level 17 in Stealth
  2169 | D        | Reached skill level 10 in Hexes
  2169 | D        | Reached XP level 11. HP: 47/47 MP: 18/29
  2172 | D        | Killed Edmund
  2240 | D        | Noticed an orc priest
  2240 | D        | Noticed an orc priest
  2242 | D        | Noticed an orc high priest
  2242 | D        | Noticed an orc priest
  2243 | D        | Killed an orc priest
  2245 | D        | Killed an orc high priest
  2247 | D        | Killed an orc priest
  2248 | D        | Killed an orc priest
  2368 | D        | Noticed a yaktaur
  2368 | D        | Noticed a yaktaur captain
  2368 | D        | Noticed a yaktaur captain
  2380 | D        | Noticed a wandering mushroom
  2381 | D        | Noticed a wandering mushroom
  2381 | D        | Noticed a wandering mushroom
  2382 | D        | Killed a wandering mushroom
  2384 | D        | Killed a wandering mushroom
  2385 | D        | Killed a wandering mushroom
  2421 | D        | Noticed a spiny frog
  2421 | D        | Noticed a komodo dragon
  2421 | D        | Noticed a spiny frog
  2424 | D        | Killed a spiny frog
  2427 | D        | Killed a spiny frog
  2428 | D        | Killed a komodo dragon
  2434 | D        | Noticed a redback
  2436 | D        | Killed a redback
  2437 | D        | Noticed a brain worm
  2440 | D        | Killed a brain worm
  2443 | D        | Noticed a brain worm
  2445 | D        | Killed a brain worm
  2452 | D        | Noticed a lindwurm
  2453 | D        | Noticed a redback
  2454 | D        | Killed a lindwurm
  2454 | D        | Reached skill level 18 in Stealth
  2454 | D        | Reached skill level 5 in Necromancy
  2456 | D        | Killed a redback
  2466 | D        | Learned a level 8 spell: Death's Door
  2475 | D        | Noticed a redback
  2476 | D        | Killed a redback
  2532 | D        | Noticed Maud
  2765 | D        | Killed Maud
  2765 | D        | Reached skill level 5 in Summonings
  2900 | D        | Noticed an electric eel
  2901 | D        | Noticed a five-headed hydra
  2901 | D        | Noticed an eight-headed hydra
  2902 | D        | Killed an electric eel
  2904 | D        | Killed a five-headed hydra
  2905 | D        | Killed an eight-headed hydra
  2916 | D        | Noticed a death drake
  2918 | D        | Killed a death drake
  3060 | D        | Noticed an ice dragon
  3069 | D        | Killed an ice dragon
  3069 | D        | Reached skill level 10 in Short Blades
  3069 | D        | Reached skill level 15 in Spellcasting
  3117 | D        | Noticed a swamp drake
  3117 | D        | Noticed a fire drake
  3118 | D        | Killed a fire drake
  3120 | D        | Killed a swamp drake
  3120 | D        | Reached skill level 19 in Stealth
  3129 | D        | Noticed a blink frog
  3129 | D        | Noticed a blink frog
  3129 | D        | Noticed a blink frog
  3133 | D        | Killed a blink frog
  3133 | D        | Reached XP level 12. HP: 51/51 MP: 32/32
  3134 | D        | Noticed a blink frog
  3134 | D        | Noticed a blink frog
  3136 | D        | Killed a blink frog
  3138 | D        | Killed a blink frog
  3146 | D        | Killed a blink frog
  3150 | D        | Killed a blink frog
  3357 | D        | Noticed Rupert
  3359 | D        | Killed Rupert
  3365 | D        | Noticed a death yak
  3366 | D        | Noticed a death yak
  3366 | D        | Noticed a blink frog
  3366 | D        | Noticed an azure jelly
  3366 | D        | Noticed a death yak
  3366 | D        | Noticed an azure jelly
  3366 | D        | Noticed a blink frog
  3366 | D        | Noticed a death yak
  3368 | D        | Killed a death yak
  3374 | D        | Killed a death yak
  3387 | D        | Noticed a blink frog
  3389 | D        | Killed a blink frog
  3597 | D        | Noticed a black mamba
  3600 | D        | Noticed a black mamba
  3601 | D        | Killed a blink frog
  3603 | D        | Killed a blink frog
  3605 | D        | Killed a black mamba
  3617 | D        | Killed a death yak
  3617 | D        | Reached skill level 20 in Stealth
  3801 | D        | Killed a yaktaur
  3821 | D        | Killed a death yak
  3839 | D        | Killed a black mamba
  3909 | D        | Noticed Polyphemus
  4112 | D        | Killed Polyphemus
  4188 | D        | Learned a level 8 spell: Necromutation
  4193 | D        | Noticed Ilsuiw
  4195 | D        | Killed Ilsuiw
  4200 | D        | Found Mutot's Food Shoppe.
  4200 | D        | Found Jiont's Antique Weapon Boutique.
  4200 | D        | Found Jieqeh's Jewellery Emporium.
  4200 | D        | Noticed a sea snake
  4200 | D        | Noticed a merfolk javelineer
  4202 | D        | Killed a sea snake
  4210 | D        | Killed a merfolk javelineer
  4224 | D        | Got a barnacled rune of Zot
  4297 | D        | Noticed an azure jelly
  4297 | D        | Noticed an azure jelly
  4298 | D        | Noticed an elephant
  4298 | D        | Noticed an elephant
  4298 | D        | Noticed a dire elephant
  4298 | D        | Noticed a dire elephant
  4298 | D        | Noticed Gastronok
  4302 | D        | Killed Gastronok
  4302 | D        | Reached XP level 13. HP: 16/55 MP: 27/34
  4612 | D        | Killed an elephant
  4612 | D        | Reached skill level 21 in Stealth
  4697 | D        | Killed an elephant
  4884 | D        | Killed a dire elephant
  5013 | D        | Found Zoffihou's Armour Emporium.
  5015 | D        | Noticed an orc warrior
  5015 | D        | Noticed an orc priest
  5015 | D        | Noticed an orc high priest
  5015 | D        | Noticed an orc priest
  5015 | D        | Noticed an orc priest
  5015 | D        | Noticed an orc priest
  5015 | D        | Noticed an orc warrior
  5015 | D        | Noticed an orc knight
  5015 | D        | Noticed an orc priest
  5015 | D        | Noticed an orc priest
  5015 | D        | Noticed an orc priest
  5017 | D        | Killed an orc priest
  5035 | D        | Killed an orc high priest
  5038 | D        | Killed an orc warrior
  5041 | D        | Killed an orc knight
  5054 | D        | Killed an orc warrior
  5071 | D        | Killed an orc priest
  5153 | D        | Killed an orc priest
  5266 | D        | Killed an orc priest
  5342 | D        | Killed an orc priest
  5358 | D        | Killed an orc priest
  5413 | D        | Bought the +0 robe of Polytheism {*Corrode rPois rCorr Int+3} for 218 gold pieces
  5433 | D        | Noticed a deep elf priest
  5433 | D        | Noticed a deep elf knight
  5433 | D        | Noticed a deep elf knight
  5433 | D        | Noticed a deep elf knight
  5433 | D        | Noticed a deep elf priest
  5443 | D        | Killed a deep elf knight
  5453 | D        | Killed from afar by a deep elf knight

Vault maps used:
D:        dungeon_sprint_mu

Action                   |  1- 3 |  4- 6 |  7- 9 | 10-12 | 13-15 || total
-------------------------+-------+-------+-------+-------+-------++-------
Melee: Dagger            |    38 |     8 |    25 |    25 |       ||    96
       Short sword       |       |       |       |    69 |    35 ||   104
 Cast: Ensorcelled Hiber |     8 |       |    25 |    39 |    16 ||    88
       Confuse           |     4 |       |       |     7 |     3 ||    14
       Dazzling Spray    |       |     2 |    28 |    45 |    20 ||    95
Invok: Shadow Step       |       |       |       |    15 |     2 ||    17
  Use: Potion            |     4 |       |     2 |       |     1 ||     7
       Scroll            |     2 |       |       |       |     2 ||     4
 Stab: Sleeping          |     2 |     4 |    21 |    50 |    11 ||    88
       Confused          |     3 |       |       |     2 |       ||     5
       Invisible         |       |     1 |     2 |     9 |     6 ||    18
  Eat: Royal jelly       |       |       |       |     2 |       ||     2
       Bread ration      |       |       |       |       |     1 ||     1
